Unix NetHack Version 5.0.0-0 post-release - last build May 17 2026 04:57:42 (dc50c8380fa5e20985bfe3072449f57b8d9895ef,branch:main).

Game began 2026-05-08 01:02:44, ended 2026-05-18 21:07:19.

Doran, lawful male human Samurai

   ------------                         -----
   |..........|                         |...|
   |..........|     -----               |.>..#      -----          -----------
   |..........|  ###.....###############|...|#####  |...|          |.........|
   |.........+/#@)##|...|               |...|    ## |...|          |.........|
   ----%-------  # #|...|               |...|     # |...|        ##...)......|
       ##     #### #-.---              #....|     # |...|        # --.--------
        #     #    #(############      #-----     ##....|        #  ##
        #     #      ###        ###########0        -.-.-       ##  #
        #     #        ##        #######             ###      ##### #
       -.---- #         ##       #                    ####     #  ######
       |....|##          ###                          ####   ###   -.--.--
       |....|#            -)-                           ###  #     |.....|
       |....-#           )*..-                        --.-.--[     |.....|
       |....|          .[!...|                        |......#     |.....|
       ------        |.......|                        |.....|      -------
                     |/.....+|                        |<.^..|
                     |.......|                        -------
                     ---------

Doran the Joshu        St:18 Dx:10 Co:18 In:10 Wi:10 Ch:11  Lawful S:20159
Dlvl:8  $:25 HP:0(112) Pw:33(33) AC:0  Xp:10 T:13434  Burdened Hallu

Latest messages:
 You hit the trapper!
 You hit the gecko!
 The sergeant turns to flee.
 You kill the garter snake!
 There is a doorway here.
 You see here a crude dagger.
 You have a little trouble lifting f - a lizard corpse.
 You see here a quantum mechanic corpse.
 The baby orange dragon hits!
 The fire ant misses!
 The iron piercer bites!
 The owlbear hits!
 The snake hits again!
 The kelpie bites!
 You hit the black light!
 The iron golem hits!
 The hezrou hits again!
 The vrock misses!
 You miss the baby long worm.
 The Semigorgon hits!
 The yellow mold hits again!
 The ogre bites!
 The snake misses!
 The giant cockroach hits!
 The spherical cow's sting was poisoned!
 Your muscles won't obey you!
 The warhorse bites!
 You hit the water melon!
 The yellow dragon hits!
 The salamander hits again!
 The horse bites!
 The giant cockroach hits!
 The guardian naga hits again!
 The gold golem bites!
 You miss the red dragon.
 The giant spider hits!
 The flesh golem hits again!
 The housecat bites!
 The wraith engulfs you!
 You are freezing to death!
 You hit the blue jelly.
 You are freezing to death!
 You hit the gnome.
 You are freezing to death!
 You die...
 Do you want your possessions identified? [ynq] (y) y
 Do you want to see your attributes? [ynq] (y) y
 Do you want an account of creatures vanquished? [ynaq] (y) y
 Do you want to see your conduct and achievements? [ynq] (y) y
 Do you want to see the dungeon overview? [ynq] (y) y

Inventory:
 Coins    ('$')
  $ - 25 gold pieces
 Weapons  (')')
  M - 10 +0 ya
  c - a +0 yumi
  y - a +0 elven dagger
  d - a +1 long sword (weapon in right hand)
  b - a +1 wakizashi
  q - a +0 wakizashi
 Armor    ('[')
  T - an uncursed +0 helm of brilliance (being worn)
  X - an uncursed burnt +0 pair of gauntlets of dexterity (being worn)
  S - an uncursed +0 pair of speed boots (being worn)
  U - an uncursed +1 shield of reflection
  N - a blessed +1 cloak of magic resistance
  s - an uncursed burnt +0 cloak of protection (being worn)
  R - an uncursed +0 mummy wrapping
  Y - an uncursed +0 dwarvish mithril-coat (being worn)
 Comestibles  ('%')
  h - 4 uncursed gunyoki
  A - an uncursed tripe ration
  f - an uncursed lizard corpse
  r - an uncursed lizard corpse
 Scrolls  ('?')
  E - an uncursed scroll of create monster
  t - an uncursed scroll of destroy armor
  B - an uncursed scroll of light
  L - an uncursed scroll of teleportation
 Spellbooks  ('+')
  J - an uncursed spellbook of create monster
  O - an uncursed spellbook of finger of death
  l - an uncursed spellbook of force bolt
  v - an uncursed spellbook of healing
  n - an uncursed spellbook of light
 Potions  ('!')
  x - an uncursed potion of restore ability
  j - 2 potions of holy water
 Rings    ('=')
  I - an uncursed -1 ring of increase damage
  D - a cursed ring of polymorph
  z - an uncursed ring of protection from shape changers
  C - an uncursed ring of see invisible
  F - an uncursed ring of warning
 Wands    ('/')
  K - a wand of digging (0:0)
  Q - a wand of magic missile (0:0)
  w - a cursed wand of opening (0:5)
  i - a blessed wand of striking (0:0)
 Tools    ('(')
  Z - an uncursed oilskin sack containing 14 items
  u - a bag of tricks (0:20)
  P - an uncursed blindfold
  W - an expensive camera (0:78)
  p - a +0 pick-axe (alternate weapon; not wielded)
  k - an uncursed skeleton key
 Gems/Stones  ('*')
  o - an uncursed worthless piece of black glass

Contents of the oilskin sack:
  2036 gold pieces
  an uncursed agate stone
  2 uncursed amethyst stones
  an uncursed aquamarine stone
  an uncursed citrine stone
  an uncursed garnet stone
  an uncursed jacinth stone
  an uncursed jet stone
  2 uncursed opals
  2 uncursed sapphires
  3 uncursed worthless pieces of red glass
  an uncursed worthless piece of violet glass
  4 uncursed worthless pieces of white glass
  9 uncursed worthless pieces of yellowish brown glass

Doran the Samurai's attributes:

Background:
 You were a Joshu, a level 10 male human Samurai.
 You were lawful, on a mission for Amaterasu Omikami
 who was opposed by Raijin (neutral) and Susanowo (chaotic).
 You were right-handed.
 You were in the Dungeons of Doom, on level 8.
 You entered the dungeon 13434 turns ago.
 There was a new moon in effect when your adventure ended.
 You had 5844 experience points, 4156 more were needed to attain level 11.
 Your score was 20159 before end-of-game adjustments.

Basics:
 You had 0 out of 112 hit points.
 You had all 33 energy points (spell power).
 Your armor class was 0.
 Your wallet contained 25 nanites, and
 you had 2036 more stashed away in your pack.
 Autopickup was on for '$"?/=+!*' plus thrown, with exceptions.

Final Characteristics:
 Your strength was 18 (limit:18/100).
 Your dexterity was 10 (peak:13, limit:18).
 Your constitution was 18 (limit:18).
 Your intelligence was 10 (limit:18).
 Your wisdom was 10 (limit:18).
 Your charisma was 11 (limit:18).

Final Status:
 You were hallucinating.
 You were engulfed by the ice vortex.
 You weren't hungry.
 You were burdened; movement was slightly slowed.
 You were wielding a long sword.
 You had expert skill with long sword.

Final Attributes:
 You were piously aligned.
 You were sleep resistant.
 You were protected.
 You were very fast.
 You are dead.

Miscellaneous:
 You didn't encounter any bones levels.
 Total elapsed playing time was 4 hours, 13 minutes and 38 seconds.

Major events:
 Turn
    1: Doran the lawful male human Samurai entered the dungeon
 1145: attained the rank of Ronin (level 3)
 1811: entered the Gnomish Mines
 3241: attained the rank of Ninja (level 6)
 3488: reached Mine Town
11737: attained the rank of Joshu (level 10)
13434: killed by an ice vortex

You didn't know any spells.

Skills:
 Fighting Skills
   martial arts      [Basic]
   two weapon combat [Skilled]
   riding            [Unskilled]
 Weapon Skills
   dagger            [Unskilled]
   knife             [Unskilled]
   short sword       [Basic]
   broadsword        [Unskilled]
   long sword        [Expert]
   two-handed sword  [Unskilled]
   saber             [Unskilled]
   flail             [Unskilled]
   quarterstaff      [Unskilled]
   polearms          [Unskilled]
   spear             [Unskilled]
   lance             [Unskilled]
   bow               [Basic]
   shuriken          [Unskilled]
 Spellcasting Skills
   attack spells     [Unskilled]
   divination spells [Unskilled]
   clerical spells   [Unskilled]

Voluntary challenges:
 Character rerolling was not enabled.
 You never genocided any monsters.
 You never polymorphed an object.
 You used no wishes.
Achievements:
 You attained the rank of Ronin.
 You entered the Gnomish Mines.
 You entered a shop.
 You attained the rank of Ninja.
 You entered Minetown.
 You entered a temple.
 You attained the rank of Joshu.

 The Dungeons of Doom: levels 1 to 9
    Level 1:
       A fountain, a grave.
    Level 2:
    Level 3: "closed shop"
       An armor shop, a fountain.
    Level 4:
       A general store.
       Stairs down to The Gnomish Mines.
    Level 5:
       A fountain.
    Level 6: "fucking nymph"
       A potion shop, a fountain.
    Level 7:
       An altar to Amaterasu Omikami, a fountain.
    Level 8: <- You were here.
       Final resting place for
          you, killed by an ice vortex.
    Level 9:
 The Gnomish Mines: levels 5 to 9
    Level 5:
    Level 6:
    Level 7:
       Some shops, a temple and an altar, some fountains, a sink.
    Level 8:
    Level 9:


Vanquished creatures:
  2 large mimics
  a warg
  3 small mimics
 an ogre leader
  a quantum mechanic
  a tiger
  a leather golem
  a watchman
  a chameleon
  3 giant beetles
  a wolf
  a panther
  2 leprechauns
  2 iron piercers
  3 horses
  2 ice vortices
  2 black lights
  a vampire bat
  a gnome ruler
  2 orc mummies
  2 ogres
  2 owlbears
  a yeti
  a gold golem
  2 lizards
  2 jaguars
  a blue jelly
  3 dust vortices
  a raven
  3 gnome mummies
 15 human zombies
  a Woodland-elf
  a soldier ant
 an imp
  a quasit
  a water nymph
  3 mountain nymphs
 14 Mordor orcs
 11 Uruk-hai
  2 orc shamans
  3 rock piercers
  2 ponies
  a fog cloud
  3 yellow lights
 16 gnome leaders
  2 gnomish wizards
  a kobold mummy
  5 elf zombies
  a ghoul
  a paper golem
  4 giant ants
  a little dog
  6 floating eyes
  2 dwarves
  2 homunculi
  3 kobold leaders
  a kobold shaman
 10 hill orcs
 11 rothes
  2 rabid rats
  a centipede
  5 monkeys
  3 orc zombies
  a dwarf zombie
  2 wererats
  a werejackal
  6 iguanas
  2 coyotes
  4 gas spores
  a large kobold
  4 hobgoblins
  7 giant rats
  9 cave spiders
  a yellow mold
  a green mold
 38 gnomes
  2 gnome zombies
  4 geckos
 10 jackals
  3 kobolds
  3 goblins
  3 sewer rats
 10 grid bugs
  7 lichens
  7 kobold zombies
  6 newts
318 creatures vanquished.

No species were genocided or became extinct.

Game over:
                       ----------
                      /          \
                     /    REST    \
                    /      IN      \
                   /     PEACE      \
                  /                  \
                  |      Doran       |
                  |     2061 Au      |
                  | killed by an ice |
                  |      vortex      |
                  |                  |
                  |                  |
                  |       2026       |
                 *|     *  *  *      | *
        _________)/\\_//(\/(/\)/\//\/|_)_______

Sayonara Doran the Samurai...

You died in The Dungeons of Doom on dungeon level 8 with 19953 points,
and 2061 pieces of gold, after 13434 moves.
You were level 10 with a maximum of 112 hit points when you died.

